 Dungeon Crawl Stone Soup version 0.28-a0-845-gfc338a8e3c (webtiles) character file.

Game seed: 16273798618367938763

15024 Htamos the Grappler (level 11, -8/115 HPs)
             Began as a Troll Berserker on Nov 13, 2021.
             Was a High Priest of Trog.
             Killed from afar by an orc sorcerer (31 damage)
             ... with a bolt of fire
             ... while paralysed by an orc sorcerer
             ... on level 2 of the Orcish Mines.
             The game lasted 00:39:41 (9348 turns).

Htamos the Grappler (Troll Berserker)               Turns: 9348, Time: 00:39:41

Health: -8/115     AC:  6    Str: 34    XL:     11   Next: 96%
Magic:  10/10      EV:  1    Int:  3    God:    Trog [*****.]
Gold:   1813       SH:  0    Dex: 11    Spells: 10/10 levels left

rFire   . . .      SeeInvis .     - Unarmed
rCold   . . .      Faith    .   (no shield)
rNeg    . . .      Spirit   .   E - +0 troll leather armour
rPois   .          Reflect  .   (helmet restricted)
rElec   .          Harm     .   (no cloak)
rCorr   .          Rampage  .   (gloves unavailable)
Will    .....                   (boots unavailable)
Stlth   +.........              (no amulet)
HPRegen 2.29/turn               C - +6 ring of strength
MPRegen 0.12/turn               (no ring)

@: paralysed
A: large, unfitting armour, claws 3, regeneration 1, shaggy fur 1, tough skin 1
a: Renounce Religion, Berserk, Trog's Hand, Brothers in Arms


You were on level 2 of the Orcish Mines.
You worshipped Trog.
Trog was extremely pleased with you.
You visited 2 branches of the dungeon, and saw 11 of its levels.
You also visited: Ossuary.

You collected 1813 gold pieces.

Inventory:

Hand Weapons
 e - a +0 dagger
 n - a +1 dagger of electrocution
 o - the +9 mace of the Valley of Death {drain, Int+3 Dex+2}
   (You found it on level 6 of the Dungeon)

   A truly terrible weapon, it drains the life of any living foe it strikes.
   Int:       It affects your intelligence (+3).
   Dex:       It affects your dexterity (+2).
 x - a +0 giant spiked club
 A - a +0 club
 D - a +1 vorpal hunting sling
Missiles
 c - 113 bolts
 m - 18 poisoned darts
 t - 5 silver boomerangs
Armour
 a - a +0 animal skin
 b - a +0 ring mail
 j - a +1 robe
 k - a +0 leather armour
 l - a +1 helmet
 E - a +0 troll leather armour (worn)
Jewellery
 y - a ring of protection from cold
 z - the ring "Komoitse" {+Blink MP+9 Str+6}
   (You found it on level 9 of the Dungeon)

   [ring of strength]

   Str:       It affects your strength (+6).
   MP:        It affects your magic capacity (+9).
   +Blink:    It lets you blink.
 C - a +6 ring of strength (left claw)
Wands
 h - a wand of flame (18)
 q - a wand of iceblast (7) (quivered)
 w - a wand of digging (4)
Scrolls
 f - a scroll of enchant weapon
 g - 2 scrolls of teleportation
 s - 2 scrolls of immolation
 v - 4 scrolls of identify {@rr}
Potions
 d - 2 potions of heal wounds
 i - 2 potions of attraction
 u - a potion of flight
 B - 3 potions of ambrosia
 F - a potion of lignification {unknown}


   Skills:
 + Level 9.1 Fighting
 + Level 7.1 Dodging
 * Level 14.8 Unarmed Combat


You had 10 spell levels left.
You didn't know any spells.
Your spell library was empty.

Dungeon Overview and Level Annotations

Branches:
Dungeon (9/15)             Temple (0/1) D:5            Lair (0/6) D:8
    Orc (2/2) D:9         Ossuary (visited)
    Elf: Orc:2

Altars:
Ashenzari
Cheibriados
Fedhas
Gozag
Hepliaklqana
Nemelex Xobeh
Ru
Sif Muna
Trog
Xom
Yredelemnul
The Shining One
Beogh

Shops:
D:7 (   Orc:2 ([

Annotations:
D:7 2 runed translucent doors, Harold
D:8 2 transporters


Innate Abilities, Weirdness & Mutations

You are too large for most types of armour.
You have claws for hands.
Your natural rate of healing is unusually fast.
You are covered in fur. (AC +1)
You have tough skin. (AC +1)


Message History

Items here: )) [ ††.
Okay, then.
You close the door, pushing everything out of the way.
You see here a +0 hand axe.
You open the door.
An orc knight comes into view.
It is wielding a +2 long sword of protection.
The orc knight shouts!
An orc sorcerer comes into view. It is wielding a +0 dagger.
Found Ummum's Armour Shoppe.
Unknown command.
The orc sorcerer shouts!
The orc sorcerer hits you but does no damage.
There is an open door here.
You mangle the orc sorcerer!!
The orc sorcerer is severely wounded.
The orc sorcerer closely misses you.
The orc knight roars a battlecry!
The orc sorcerer goes into a battle-frenzy!
You scratch the orc sorcerer but do no damage.
The orc sorcerer is severely wounded.
The orc sorcerer misses you. The orc knight barely misses you.
Unknown command.
You barely miss the orc sorcerer.
The orc sorcerer is severely wounded.
Unknown command.
You scratch the orc sorcerer. Your claw misses the orc sorcerer.
The orc sorcerer is severely wounded.
The orc knight hits you with a +2 long sword of protection!!
The orc sorcerer points at you and mumbles some strange words.
You suddenly lose the ability to move!
The orc sorcerer hits you with a +0 dagger!
The orc knight hits you with a +2 long sword of protection!!
The orc knight hits you with a +2 long sword of protection!!
* * * LOW HITPOINT WARNING * * *
The orc sorcerer casts a spell at you. The bolt of fire hits you!!
* * * LOW HITPOINT WARNING * * *
The orc sorcerer casts a spell at you. The bolt of fire hits you!!
You die...

#################
###.......#∩..#..∩#
..#.##'##.#...#...#
..).#...#.#...#.oo#
..###...#†##'###@##
###.'._.+)........+
#.#...###)############
#.#...#.....#..###...# ≈
#O#####.....#.).....###
≈#≈ ###o#
#..⌠..).........# ≈≈≈≈
).'.#
#.....#.........###≈≈≈≈
#####
#.....#..........♣P≈≈≈≈≈
#######.............≈≈≈#


You could see an orc knight and an orc sorcerer (strong).

Vanquished Creatures
  4 two-headed ogres
  An orc knight (Orc:2)
  An orc sorcerer (Orc:1)
  The ghost of Zigma the Insei, a novice OpTm (D:4)
  3 trolls
  5 redbacks (D:7)
  9 yaks (D:9)
  4 wargs
  3 water moccasins (D:7)
  An ice beast (D:7)
  12 ogres
  20 orc warriors
  2 centaurs
  5 bullfrogs
  An elf zombie (Ossuary)
  2 gnoll sergeants
  2 wyvern zombies
  6 scorpions
  3 killer bees (D:7)
  3 howler monkeys (D:7)
  3 centaur zombies
  3 hounds
  A bullfrog skeleton (D:7)
  15 orc priests
  3 human zombies (Ossuary)
  3 iguanas
  7 orc wizards
  2 mummies (Ossuary)
  A hound skeleton (D:4)
  A howler monkey zombie (D:5)
  6 adders
  8 gnolls
  A white imp (D:6)
  3 worms
  5 dart slugs
  72 orcs
  8 endoplasms
  5 giant cockroaches
  3 goblins
  4 hobgoblins
  13 jackals
  5 quokkas
  9 ball pythons
  3 bats
  6 frilled lizards
  11 hobgoblin zombies (Ossuary)
  2 jackal zombies (Ossuary)
  6 kobolds
  9 kobold zombies (Ossuary)
  8 orc zombies (Ossuary)
  3 rats
  2 rat zombies (Ossuary)
319 creatures vanquished.

Vanquished Creatures (collateral kills)
  An orc warlord (D:9)
  A two-headed ogre (D:8)
  An orc knight (Orc:1)
  2 trolls (D:9)
  An orc warrior (D:9)
  3 orcs (D:9)
9 creatures vanquished.

Vanquished Creatures (others)
  A wizard (D:3)
  A fungus (D:6)
  6 plants (D:6)
8 creatures vanquished.

Grand Total: 336 creatures vanquished

Notes
Turn   | Place    | Note
-------+----------+-------------------------------------------
     0 | D:1      | Htamos the Troll Berserker began the quest for the Orb.
     0 | D:1      | Reached XP level 1. HP: 22/22 MP: 0/0
   290 | D:1      | Reached XP level 2. HP: 29/29 MP: 1/1
   876 | D:1      | Found a faded altar of an unknown god.
  1010 | D:2      | Reached XP level 3. HP: 32/36 MP: 2/2
  1075 | D:2      | Reached ** piety under Trog
  1076 | D:2      | Reached skill level 4 in Unarmed Combat
  1587 | D:3      | Reached XP level 4. HP: 45/45 MP: 3/3
  1612 | D:3      | Found a hazy altar of Hepliaklqana.
  1720 | D:3      | Found a bloodstained altar of Trog.
  1723 | D:3      | Noticed a wizard
  1729 | D:3      | Killed a wizard
  2035 | D:3      | Reached skill level 5 in Unarmed Combat
  2243 | D:3      | Reached XP level 5. HP: 53/53 MP: 4/4
  2258 | D:3      | Found a shimmering blue altar of Sif Muna.
  2403 | D:4      | Reached *** piety under Trog
  2468 | D:4      | Noticed an ogre
  2493 | D:4      | Killed an ogre
  2494 | D:4      | Reached skill level 6 in Unarmed Combat
  2494 | D:4      | Reached XP level 6. HP: 32/62 MP: 5/5
  2596 | D:4      | Found a sparkling altar of Nemelex Xobeh.
  2603 | D:4      | Found a large runed translucent door.
  2605 | D:4      | Found a large runed translucent door.
  2607 | D:4      | Noticed Zigma's ghost (novice OpTm)
  3023 | D:4      | Killed Zigma's ghost
  3024 | D:4      | Reached skill level 7 in Unarmed Combat
  3024 | D:4      | Reached XP level 7. HP: 71/71 MP: 6/6
  3066 | D:5      | Entered Level 5 of the Dungeon
  3529 | D:5      | Reached skill level 8 in Unarmed Combat
  3577 | D:5      | Found a staircase to the Ecumenical Temple.
  3750 | D:5      | Reached skill level 5 in Fighting
  3919 | D:5      | Reached XP level 8. HP: 51/80 MP: 7/7
  4075 | D:6      | Identified the +9 mace of the Valley of Death {drain, Int+3
                  | Dex+2}
  4078 | D:6      | Found a snail-covered altar of Cheibriados.
  4215 | D:6      | Found a sand-covered staircase.
  4224 | Ossuary  | Entered an ossuary
  4257 | Ossuary  | Reached **** piety under Trog
  4380 | Ossuary  | Reached skill level 9 in Unarmed Combat
  4567 | D:6      | Found an opulent altar of Gozag.
  4681 | D:6      | Found a broken altar of Ashenzari.
  4685 | D:6      | Saw a vision of the Swamp and the Spider Nest.
  4685 | D:6      | Noticed an alligator
  4685 | D:6      | Noticed a will-o-the-wisp
  4685 | D:6      | Noticed a will-o-the-wisp
  4686 | D:6      | Noticed a will-o-the-wisp
  4688 | D:6      | Noticed a wolf spider
  4794 | D:7      | Found the +9 staff of Olgreb {rPois∞}
  4809 | D:7      | Found Narghun's Antique Weapon Emporium.
  4821 | D:7      | Found a basalt altar of Yredelemnul.
  4885 | D:7      | Reached skill level 10 in Unarmed Combat
  4968 | D:7      | Reached ***** piety under Trog
  5046 | D:7      | Reached XP level 9. HP: 87/89 MP: 8/8
  5335 | D:7      | Found a glowing golden altar of the Shining One.
  5335 | D:7      | Noticed Harold
  5487 | D:7      | Found a runed translucent door.
  5664 | D:7      | Found a runed translucent gate.
  5664 | D:7      | Found a runed translucent gate.
  5665 | D:7      | Found a runed translucent door.
  5678 | D:7      | Found a runed translucent gate.
  5764 | D:7      | Identified a scroll of acquirement
  5764 | D:7      | Acquired 796 gold pieces
  5916 | D:7      | Reached skill level 11 in Unarmed Combat
  6262 | D:8      | Found a transporter.
  6263 | D:8      | Noticed a deep elf knight
  6266 | D:8      | Noticed a kobold demonologist
  6296 | D:8      | Noticed a kobold demonologist
  6299 | D:8      | Found a transporter.
  6336 | D:8      | Found a staircase to the Lair.
  6504 | D:8      | Noticed a two-headed ogre
  6508 | D:8      | Killed a two-headed ogre
  6509 | D:8      | Reached XP level 10. HP: 102/102 MP: 9/9
  7055 | D:9      | Found a staircase to the Orcish Mines.
  7090 | D:9      | Reached skill level 12 in Unarmed Combat
  7194 | D:9      | Identified the ring "Komoitse" {+Blink MP+9 Str+6}
  7260 | Orc:1    | Entered Level 1 of the Orcish Mines
  7260 | Orc:1    | Noticed an orc warlord
  7272 | D:9      | Reached skill level 5 in Dodging
  7430 | D:9      | Found a shimmering altar of Xom.
  7431 | D:9      | Found a blossoming altar of Fedhas.
  7570 | D:9      | Found a sacrificial altar of Ru.
  7719 | D:9      | Killed an orc warlord
  7720 | D:9      | Reached skill level 13 in Unarmed Combat
  7733 | D:9      | Reached XP level 11. HP: 111/111 MP: 10/10
  7786 | Orc:1    | Noticed an orc knight
  7786 | Orc:1    | Noticed an orc sorcerer
  7803 | Orc:1    | Killed an orc knight
  7863 | Orc:1    | Paralysed by an orc sorcerer for 6 turns
  7872 | Orc:1    | Paralysed by an orc sorcerer for 5 turns
  7878 | Orc:1    | Killed an orc sorcerer
  8165 | Orc:1    | Noticed a wolf spider
  8169 | Orc:1    | Noticed a wolf spider
  8474 | Orc:2    | Entered Level 2 of the Orcish Mines
  8518 | Orc:2    | Noticed a two-headed ogre
  8525 | Orc:2    | Killed a two-headed ogre
  8526 | Orc:2    | Noticed a two-headed ogre
  8587 | Orc:1    | Killed a two-headed ogre
  8588 | Orc:1    | Reached skill level 14 in Unarmed Combat
  8771 | Orc:2    | Noticed a two-headed ogre
  8786 | Orc:2    | Killed a two-headed ogre
  9094 | Orc:2    | Noticed a two-headed ogre
  9105 | Orc:2    | Killed a two-headed ogre
  9229 | Orc:2    | Noticed an orc sorcerer
  9229 | Orc:2    | Noticed an orc knight
  9229 | Orc:2    | Noticed a two-headed ogre
  9308 | Orc:2    | Found Taji Goi's Weapon Emporium.
  9308 | Orc:2    | Noticed an orc knight
  9317 | Orc:2    | Killed an orc knight
  9340 | Orc:2    | Found Ummum's Armour Shoppe.
  9340 | Orc:2    | Noticed an orc knight
  9340 | Orc:2    | Noticed an orc sorcerer
  9345 | Orc:2    | Paralysed by an orc sorcerer for 5 turns
  9348 | Orc:2    | Killed from afar by an orc sorcerer

Illustrated notes

Levels and vault maps discovered:
D:1:      erik_arrival_cave_to_civilisation [erik_arrival_cave_to_hall],
          layout_basic, shapermc_ecumenical_altar_hornbeckon
D:2:      layout_rooms, serial_bayou_lake_a
D:3:      layout_basic, trog_wizard, nicolae_overflow_crystal_walls,
          nicolae_sif_muna_little_library, minmay_misc_feat_plants,
          kennysheep_generic_room_13
D:4:      layout_loops_cross, mainiacjoe_overflow_small_starburst,
          ebering_ghost_disaster_area, kennysheep_another_room
D:5:      layout_cave_pods, minmay_temple_entry_purple_smoke
D:6:      layout_rooms, kennysheep_slug_shrine, grunt_ashenzari_visionary
          [grunt_ashenzari_visionary_swamp, grunt_ashenzari_visionary_spider],
          grunt_gozag_statues, nicolae_ossuary_entry_ruins
D:7:      layout_layer_cave, nicolae_overflow_hidden_temple,
          yredelemnul_altar_generic, serial_shops, shop_statue,
          minmay_guarded_unrand_staff_of_olgreb, uniq_harold
D:8:      gammafunk_wand_slinger, layout_loops_ring, lair_entry_dummy,
          hangedman_abyss_or_decor_jellyfish_corner, minmay_crystal_room,
          eino_small_chamber_without_monster
D:9:      layout_roguey, nicolae_ru_path_of_blood,
          gammafunk_temple_overflow_statue, minmay_orc_entry_temple_small
Orc:1:    nicolae_orc_accident_3, layout_diamond_mine
Orc:2:    pubby_orc_utopia

Skill      XL: |  1  2  3  4  5  6  7  8  9 10 11 |
---------------+----------------------------------+-----
Unarmed Combat | 4 5 6 7 8 10 11 13 14 | 14.8
Fighting       | 3 4 5 6 7 8 9 |  9.1
Dodging        | 4 5 7 |  7.1

Action                   |  1- 3 |  4- 6 |  7- 9 | 10-12 || total
-------------------------+-------+-------+-------+-------++-------
Melee: Unarmed           |    89 |   100 |   258 |   303 ||   750
       Punch             |     3 |     1 |    15 |    23 ||    42
Invok: Berserk           |       |     1 |       |     2 ||     3
       Brothers in Arms  |       |       |     1 |     6 ||     7
Evoke: Wand              |       |       |       |     7 ||     7
  Use: Potion            |       |       |    10 |     1 ||    11
       Scroll            |       |       |    12 |     3 ||    15
 Stab: Sleeping          |     1 |     1 |       |       ||     2
Armor: Animal skin       |     8 |       |       |       ||     8
       Robe              |    21 |    22 |    48 |    10 ||   101
       Troll leather arm |       |       |       |    47 ||    47
Dodge: Dodged            |    41 |    34 |   105 |   140 ||   320

Table legend: (Time is in decaauts)
 A = Elapsed time spent in this place.
 B = Non-inter-level travel time spent in this place.
 C = Inter-level travel time spent in this place.
 D = Time resting spent in this place.
 E = Time spent auto-exploring this place.
 F = Levels seen in this place.
 G = Mean time per level.
                   A        B        C        D        E       F      G
               +--------+--------+--------+--------+--------+-----+--------+
         Total |   9299 |   8894 |    405 |    128 |   5857 |  12 |  774.9 |
       Dungeon |   7472 |   7078 |    394 |    100 |   5058 |   9 |  830.2 |
  Orcish Mines |   1538 |   1527 |     11 |     28 |    799 |   2 |  769.0 |
       Ossuary |    288 |    288 |      0 |      0 |      0 |   1 |  288.0 |
               +--------+--------+--------+--------+--------+-----+--------+

Top non-repeatable levels by time:
     D:7: 1367 daAuts
     D:5: 938 daAuts
     D:1: 936 daAuts
     D:3: 869 daAuts
     D:9: 847 daAuts
   Orc:2: 773 daAuts
     D:8: 771 daAuts
   Orc:1: 765 daAuts
     D:4: 700 daAuts
     D:2: 586 daAuts
     D:6: 455 daAuts
 Ossuary: 288 daAuts
